 Dungeon Crawl Stone Soup version 0.23-a0-183-gf37f6fb (webtiles) character file.

102 galech the Shield-Bearer (level 4, 0/35 HPs)
             Began as a Demonspawn Fighter on Sept 21, 2018.
             Slain by a gnoll
             ... wielding a +0 spear
              (6 damage)
             ... on level 3 of the Dungeon.
             The game lasted 00:01:45 (1357 turns).

galech the Shield-Bearer (Demonspawn Fighter)       Turns: 1357, Time: 00:01:46

Health: 0/35       AC:  9    Str: 16    XL:     4   Next: 50%
Magic:  4/4        EV:  4    Int: 10    God:
Gold:   39         SH:  9    Dex: 13    Spells: 3/3 levels left

rFire    . . .     SeeInvis .   a - +0 war axe
rCold    . . .     Gourm    .   c - +0 shield
rNeg     . . .     Faith    .   l - +0 chain mail
rPois    .         Spirit   .   (no helmet)
rElec    .         Reflect  .   (no cloak)
rCorr    .         Harm     .   (no gloves)
MR       .....                  (no boots)
Stlth    ..........             (no amulet)
HPRegen  0.11/turn              (no ring)
MPRegen  0.09/turn              (no ring)

@: no status effects
A: powered by death 1
a: no special abilities


You were on level 3 of the Dungeon.
You were not hungry.

You visited 1 branch of the dungeon, and saw 3 of its levels.

You collected 39 gold pieces.

Inventory:

Hand Weapons
 a - a +0 war axe (weapon)
Armour
 c - a +0 shield (worn)
 l - a +0 chain mail (worn)
Wands
 m - a wand of digging (18)
Scrolls
 e - 3 scrolls of remove curse {unknown}
 h - 3 scrolls of identify {unknown}
 k - 2 scrolls of teleportation {unknown}
Potions
 d - a potion of might
 g - 2 potions of curing
 i - a potion of cancellation {unknown}
 j - a potion of resistance {unknown}
Comestibles
 b - 2 chunks of flesh
 f - 6 rations


   Skills:
 + Level 3.3 Fighting
 + Level 2.5 Axes
 + Level 3.4 Armour
 + Level 0.3 Dodging
 + Level 3.6 Shields


You had 3 spell levels left.
You didn't know any spells.
Your spell library was empty.

Dungeon Overview and Level Annotations

Branches:
Dungeon (3/15)

Altars:
Hepliaklqana
Vehumet


Innate Abilities, Weirdness & Mutations

You regenerate a little health from kills.


Message History

You struggle against the net.
The leopard gecko bites you but does no damage.
The gnoll hits you from afar with a spear.
The gnoll hits you but does no damage.
Unknown command.
You struggle against the net.
The leopard gecko bites you but does no damage.
The gnoll hits you with a whip. x2
The gnoll hits you from afar with a spear.
You struggle against the net.
The leopard gecko bites you but does no damage.
The gnoll hits you with a whip. The gnoll hits you but does no damage.
The gnoll hits you with a whip!
* * * LOW HITPOINT WARNING * * *
Unknown command.
You rip the net and break free!
You block the leopard gecko's attack.
You block the gnoll's attack. x2; The gnoll hits you with a whip.
* * * LOW HITPOINT WARNING * * *
The gnoll hits you from afar with a spear.
You die...

.....##..
...........
...........
........#'#
........#.#
......gg#.#
......lg#.#
......g@..#
......g...#
........#.#
........#.#
#########.#
#.# #.# #.#
#.#


You could see 4 gnolls, a leopard gecko and a hobgoblin.

Vanquished Creatures
  Ijyb (D:3)
  3 adders
  An ooze (D:1)
  A worm (D:2)
  8 bats
  A giant cockroach (D:3)
  5 goblins
  4 hobgoblins (D:1)
  4 jackals (D:1)
  6 frilled lizards
  5 kobolds
  6 rats
45 creatures vanquished.

Notes
Turn   | Place    | Note
-------+----------+-------------------------------------------
     0 | D:1      | galech the Demonspawn Fighter began the quest for the Orb.
     0 | D:1      | Reached XP level 1. HP: 18/18 MP: 1/1
   113 | D:1      | Gained mutation: You regenerate a little health from kills.
                  | [demonic ancestry]
   113 | D:1      | Reached XP level 2. HP: 21/24 MP: 2/2
   488 | D:1      | Reached XP level 3. HP: 27/29 MP: 3/3
   835 | D:2      | Found a hazy altar of Hepliaklqana.
   878 | D:2      | Found a radiant altar of Vehumet.
  1214 | D:3      | Reached XP level 4. HP: 32/35 MP: 4/4
  1284 | D:3      | Noticed Ijyb
  1305 | D:3      | Killed Ijyb
  1357 | D:3      | Slain by a gnoll

Vault maps used:
D:1:      minmay_arrival_four_houses, st_stairs_13, roderic_roman_lattice
D:2:      lemuel_doored_altar, old_standard_altar, first_ration
D:3:      nicolae_qazlal_eye_of_the_storm, lemuel_coloured_pillars_altar,
          uniq_ijyb

Skill      XL: |  1  2 |
---------------+-------+-----
Shields        | 3 |  3.6
Armour         | 3 |  3.4
Axes           | 2 |  2.5
Fighting       | |  3.3
Dodging        | |  0.3

Action                   |  1- 3 |  4- 6 || total
-------------------------+-------+-------++-------
Melee: War axe           |   162 |    38 ||   200
  Use: Potion            |     1 |       ||     1
  Eat: Chunk             |     1 |     1 ||     2
Armor: Scale mail        |    82 |       ||    82
       Chain mail        |    11 |    31 ||    42
Dodge: Dodged            |    56 |     5 ||    61
Block: Shield            |    90 |    20 ||   110

Table legend:
 A = Non-vault XP
 B = Vault XP
 C = Vault XP percentage of total XP
 D = Non-vault monster count
 E = Vault monster count
 F = Vault count percentage of total count
                 A         B        C        D         E       F
            +---------+---------+-------+---------+---------+-------
      Total |     109 |      38 |  25.9 |      43 |       2 |   4.4
            +---------+---------+-------+---------+---------+-------
        D:1 |      41 |       2 |   4.7 |      23 |       1 |   4.2
        D:2 |      47 |       0 |   0.0 |      14 |       0 |   0.0
        D:3 |      21 |      36 |  63.2 |       6 |       1 |  14.3
            +---------+---------+-------+---------+---------+-------
